 Dungeon Crawl Stone Soup version 0.25-a0-41-g6cf4ce537d (webtiles) character file.

Game seed: 10506527831700845344, levelgen mode: deterministic

259 inmateoo the Cudgeler (level 6, -6/93 HPs)
             Began as an Ogre Berserker on Oct 21, 2019.
             Was a Believer of Trog.
             Mangled by an orc
             ... wielding a +0 whip of electrocution
              (9 damage)
             ... on level 4 of the Dungeon.
             The game lasted 00:03:26 (4244 turns).

inmateoo the Cudgeler (Ogre Berserker)              Turns: 4244, Time: 00:03:27

Health: -6/93      AC: 23    Str: 24    XL:     6   Next: 17%
Magic:  6/6        EV:  1    Int:  8    God:    Trog [**....]
Gold:   188        SH:  0    Dex:  8    Spells: 5/5 levels left

rFire    + . .     SeeInvis .   o - +0 flail
rCold    . . .     Gourm    .   (no shield)
rNeg     + + +     Faith    .   (armour currently unavailable)
rPois    +         Spirit   .   (helmet currently unavailable)
rElec    .         Reflect  .   (cloak currently unavailable)
rCorr    .         Harm     .   (gloves unavailable)
MR       .....     NoTele   +   (boots unavailable)
Stlth    +.........             (no amulet)
HPRegen  0.25/turn              l - ring of protection from fire
MPRegen  0.10/turn              (no ring)

@: tree-form, berserk cooldown, slowed, very slow
A: large, unfitting armour
a: Berserk, Trog's Hand, Renounce Religion


You were on level 4 of the Dungeon.
You worshipped Trog.
Trog was pleased with you.
You were near starving.
You were a tree.
You visited 1 branch of the dungeon, and saw 4 of its levels.

You collected 188 gold pieces.

Inventory:

Hand Weapons
 o - a +0 flail (weapon)
Armour
 b - a +0 animal skin (melded)
 r - a +0 shield
Jewellery
 l - a ring of protection from fire (left branch)
Scrolls
 a - a scroll of remove curse {unknown}
 d - 5 scrolls of identify {unknown}
 f - 2 scrolls of immolation {unknown}
 h - 2 scrolls of teleportation {unknown}
 n - a scroll of blinking {unknown}
 p - a scroll of amnesia {unknown}
Potions
 e - 2 potions of resistance {unknown}
 g - a potion of haste {unknown}
 i - a potion of ambrosia {unknown}
 j - a potion of mutation {unknown}
 k - a potion of might
 m - a potion of lignification
 q - a potion of degeneration {unknown}
 s - a potion of flight {unknown}
Comestibles
 c - 7 rations


   Skills:
 - Level 4.0 Fighting
 + Level 6.1 Maces & Flails
 - Level 2.6 Dodging


You had 5 spell levels left.
You didn't know any spells.
Your spell library was empty.

Dungeon Overview and Level Annotations

Branches:
Dungeon (4/15)
 Temple: D:4-7

Altars:
Zin


Innate Abilities, Weirdness & Mutations

You are too large for most types of armour.
((You have tough skin. (AC +1)))


Message History

You bump into the metal wall.
You are no longer berserk.
You are exhausted.
You feel yourself slow down.
You bump into the metal wall.
Something hits you but does no damage.
You miss the orc.
You feel less confused.
The orc shouts!
The orc hits you with a +0 whip of electrocution.
You are electrocuted!
* * * LOW HITPOINT WARNING * * *
Something hits you but does no damage. The orc hits you but does no damage.
You are electrocuted!
* * * LOW HITPOINT WARNING * * *
Okay, then.
It was a potion of lignification.
You turn into a tree.
Your +0 animal skin melds into your body.
Your roots penetrate the ground.
Something hits you but does no damage. The orc hits you but does no damage.
You are electrocuted!
You die...

..<.....########..#.#
###.).....# #..#.##
###.##..#.######...#.##
..................###.#
.#####..#...####...#.##
.### #oo....# #..#.##
...###..#..## #..###
..o.....#..# #..#
...###.##..#####♣.#
o### #.......ooo..# .#
####..######># ## #(.#
#o# ##..# ..# #.. ...
#.# .## #.# # #.#.#


You could see 4 orcs.

Vanquished Creatures
  A hound (D:4)
  A centaur skeleton (D:4)
  Robin (D:4)
  4 gnolls (D:3)
  A howler monkey skeleton (D:4)
  6 adders
  An ooze (D:3)
  2 worms
  A dart slug (D:4)
  2 leopard geckos
  2 orcs
  2 ball pythons
  2 giant cockroaches
  14 goblins
  6 hobgoblins
  6 jackals
  2 quokkas (D:3)
  11 bats
  5 frilled lizards
  3 kobolds (D:1)
  3 rats
76 creatures vanquished.

Notes
Turn   | Place    | Note
-------+----------+-------------------------------------------
     0 | D:1      | inmateoo the Ogre Berserker began the quest for the Orb.
     0 | D:1      | Reached XP level 1. HP: 24/24 MP: 1/1
    13 | D:1      | Reached skill level 3 in Maces & Flails
    84 | D:1      | Reached XP level 2. HP: 29/32 MP: 2/2
   621 | D:2      | Reached XP level 3. HP: 34/39 MP: 3/3
   691 | D:2      | Reached skill level 4 in Maces & Flails
  1426 | D:2      | Reached ** piety under Trog
  1426 | D:2      | Reached XP level 4. HP: 34/48 MP: 4/4
  2319 | D:3      | Reached skill level 5 in Maces & Flails
  2322 | D:3      | Reached XP level 5. HP: 54/54 MP: 5/5
  2981 | D:3      | Found a glowing silver altar of Zin.
  3753 | D:4      | Noticed Robin
  3780 | D:4      | Killed Robin
  3780 | D:4      | Reached XP level 6. HP: 40/62 MP: 6/6
  3784 | D:4      | Reached skill level 6 in Maces & Flails
  4243 | D:4      | HP: 2/62 [orc/+0 whip of electrocution (16)]
  4244 | D:4      | Mangled by an orc

Levels and vault maps discovered:
D:1:      erik_arrival_blinker_ship, layout_basic
D:2:      layout_basic, first_ration
D:3:      layout_basic, zin_academy
D:4:      layout_loops_ring, uniq_robin

Skill      XL: |  1  2  3  4  5  6 |
---------------+-------------------+-----
Maces & Flails | 3 4 5 6 |  6.1
Fighting       | |  4.0
Dodging        | |  2.6

Action                   |  1- 3 |  4- 6 || total
-------------------------+-------+-------++-------
Melee: Mace              |   110 |    58 ||   168
       Flail             |       |   108 ||   108
Invok: Berserk           |       |     4 ||     4
       Trog's Hand       |       |     1 ||     1
  Use: Potion            |       |     1 ||     1
  Eat: Chunk             |     1 |     8 ||     9
       Ration            |       |     1 ||     1
Armor: Animal skin       |    49 |    41 ||    90
       Skin              |       |     2 ||     2
Dodge: Dodged            |    94 |    96 ||   190

Table legend:
 A = Non-vault XP
 B = Vault XP
 C = Vault XP percentage of total XP
 D = Non-vault monster count
 E = Vault monster count
 F = Vault count percentage of total count
                 A         B        C        D         E       F
            +---------+---------+-------+---------+---------+-------
      Total |     339 |      31 |   8.4 |      67 |       9 |  11.8
            +---------+---------+-------+---------+---------+-------
        D:1 |      23 |       0 |   0.0 |      15 |       0 |   0.0
        D:2 |      64 |       0 |   0.0 |      15 |       0 |   0.0
        D:3 |     118 |       0 |   0.0 |      28 |       0 |   0.0
        D:4 |     134 |      31 |  18.8 |       9 |       9 |  50.0
            +---------+---------+-------+---------+---------+-------
